Map: Dusk Towers

Players

Scantid

  • Race: Terran Terran
  • League: Diamond

Fenner - Winner!

  • Race: Zerg Zerg
  • League: Master

VOD

Have the link to the VOD?

Description

Time

  • Played on: Nov. 25, 2015, 4:57 p.m.
  • Length: 8:24
Show
View Real Time Build Order
Export as new Build Order

Scantid Terran 

Build Orders: Reaper Expand, Mech 

Get SALT Encoding   

  12  0:01  SCV  
  13  0:13  SCV  
  14  0:18  Supply Depot  
  14  0:25  SCV  
  15  0:40  SCV  
  15  0:41  Barracks  
  16  0:44  Refinery  
  16  0:52  SCV  
  17  1:04  SCV  
  18  1:16  SCV  
  19  1:28  Reaper  
  19  1:29  Orbital Command  
  20  1:40  Command Center  
  20  1:52  Supply Depot  
  20  1:55  SCV  
  20  2:01  Marine  
  21  2:05  Factory  
  21  2:08  SCV  
  23  2:21  Refinery  
  23  2:26  Barracks Reactor  
  23  2:37  SCV  
  24  2:49  SCV  
  25  2:52  Supply Depot, Orbital Command  
  25  3:09  SCV  
  26  3:12  Factory  
  26  3:14  Hellion x2  
  26  3:18  SCV  
  31  3:25  SCV, Factory  
  32  3:27  Barracks Tech Lab  
  32  3:35  Hellion x2  
  32  3:39  SCV x2  
  38  3:51  SCV x2  
  40  3:56  Command Center  
  40  3:59  Barracks Reactor  
  40  4:03  Siege Tank  
  40  4:06  Hellion  
  40  4:08  SCV  
  40  4:09  SCV  
  47  4:11  Hellion  
  47  4:12  Factory Tech Lab  
  47  4:15  Barracks Tech Lab  
  49  4:20  SCV  
  49  4:23  SCV  
  51  4:29  Armory  
  51  4:32  Refinery  
  51  4:33  SCV, Refinery  
  52  4:43  Hellion  
  54  4:49  Supply Depot  
  54  4:52  Supply Depot  
  54  4:56  SCV  
  54  4:58  Siege Tank  
  54  5:08  SCV, Hellion x2, Siege Tank  
  54  5:10  Orbital Command  
  54  5:11  SCV  
  63  5:14  Stimpack, Marine  
  63  5:20  SCV  
  65  5:23  SCV  
  66  5:30  Siege Tank  
  66  5:31  Hellion x2  
  75  5:44  Siege Tank  
  75  5:45  SCV  
  75  5:46  Orbital Command  
  77  5:50  Supply Depot x2  
  77  6:11  SCV, Hellion, Siege Tank, Engineering Bay, Marine  
  77  6:12  Hellion  
  77  6:13  Engineering Bay  
  77  6:17  Siege Tank  
  89  6:32  SCV x3  
  83  6:37  Barracks x2  
  81  6:40  Barracks  
  81  6:44  SCV  
  67  6:53  SCV x2  
  65  6:56  SCV, Barracks  
  65  6:57  Starport  
  65  6:58  Factory Reactor  
  63  7:04  Marauder  
  65  7:10  SCV  
  61  7:29  Barracks Reactor  
  60  7:36  Medivac x2  
  64  7:39  Marauder  
  64  7:42  Factory Reactor  
  64  7:43  Barracks Reactor, Marine  
  61  7:45  Marauder  
  53  8:01  Factory Tech Lab x2, Marauder  
  53  8:02  Marauder  
Show
View Real Time Build Order
Export as new Build Order

Fenner Zerg - Winner!

Build Orders: Hatch First 

Get SALT Encoding   

  12  0:01  Drone  
  13  0:13  Overlord  
  13  0:18  Drone  
  14  0:31  Drone x2  
  14  0:35  Drone  
  17  0:53  Hatchery  
  17  0:55  Drone  
  17  0:58  Drone  
  18  1:10  Extractor  
  17  1:13  Spawning Pool  
  17  1:16  Drone  
  17  1:20  Drone  
  18  1:28  Drone  
  19  1:39  Overlord  
  19  1:50  Drone  
  20  2:00  Queen  
  20  2:01  Zergling x2  
  23  2:04  Queen  
  23  2:05  Zergling x2  
  26  2:11  Metabolic Boost  
  26  2:13  Drone  
  27  2:16  Drone  
  28  2:25  Drone  
  29  2:32  Drone  
  29  2:35  Overlord, Queen  
  31  2:39  Drone  
  32  2:53  Drone x2  
  32  2:56  Drone  
  35  3:02  Hatchery  
  34  3:07  Drone x4  
  38  3:15  Drone x2  
  38  3:17  Drone x3  
  43  3:23  Overlord  
  43  3:32  Roach Warren  
  43  3:33  Drone, Extractor  
  42  3:34  Extractor  
  42  3:36  Drone x2  
  42  3:39  Overlord  
  43  3:45  Zergling x2  
  43  3:47  Drone x4  
  48  3:52  Drone x2  
  50  3:57  Drone  
  50  4:01  Overlord  
  51  4:03  Drone  
  51  4:05  Spore Crawler  
  51  4:14  Roach  
  51  4:15  Roach x2  
  51  4:16  Roach x3  
  63  4:22  Lair  
  63  4:25  Queen  
  65  4:35  Spore Crawler  
  64  4:44  Evolution Chamber, Overlord  
  64  4:45  Evolution Chamber, Drone x5  
  67  4:50  Drone x3  
  68  5:07  Drone x6  
  68  5:08  Drone x2  
  68  5:11  Zerg Missile Weapons Level 1, Zerg Ground Armor Level 1  
  76  5:17  Overlord  
  76  5:18  Drone x2  
  78  5:22  Glial Reconstitution  
  78  5:24  Drone x4  
  78  5:27  Extractor  
  78  5:28  Extractor  
  80  5:32  Overlord x2  
  80  5:35  Overlord  
  80  5:36  Overlord  
  80  5:49  Drone x3  
  83  5:54  Ravager x6  
  83  5:55  Roach x2  
  93  5:58  Overlord  
  93  5:59  Roach  
  93  6:00  Roach  
  96  6:04  Roach  
  96  6:05  Roach x2  
  96  6:07  Overlord  
  96  6:08  Roach  
  96  6:09  Roach  
  106  6:13  Overseer  
  106  6:14  Roach  
  106  6:15  Roach  
  110  6:19  Roach x2  
  114  6:34  Roach  
  114  6:35  Roach x7  
  118  6:46  Roach x7  
  132  6:55  Overlord  
  132  6:57  Roach x3  
  138  7:03  Hatchery  
  138  7:04  Overlord x2  
  138  7:08  Overlord  
  137  7:13  Extractor  
  136  7:25  Overlord  
  136  7:29  Drone x11  
  147  7:42  Overlord  
  141  7:56  Overlord  
  141  7:57  Roach  
  141  7:58  Roach x7  
Tags
 
Add a new tag
Caveats
  • Supply blocks, unpowered buildings, or Contaminate may cause inaccurate times.
  • Supply counts are checked every 10 seconds.